 Dungeon Crawl Stone Soup version 0.22-a0-354-g30dfbe6 (webtiles) character file.

43 Amnesiac the Purveyor of Pain (level 3, -7/26 HPs)
             Began as a Mummy Necromancer on Apr 16, 2018.
             Was an Initiate of Kikubaaqudgha.
             Mangled by torrenera's ghost (12 damage)
             ... on level 4 of the Dungeon.
             The game lasted 00:02:15 (771 turns).

Amnesiac the Purveyor of Pain (Mummy Necromancer)    Turns: 771, Time: 00:02:16

Health: -7/26      AC:  2    Str: 11    XL:     3   Next: 37%
Magic:  1/7        EV: 12    Int: 15    God:    Kikubaaqudgha [......]
Gold:   25         SH:  0    Dex: 12    Spells: 4/8 levels left

rFire    x . .     SeeInvis .   (no weapon)
rCold    + . .     Gourm    .   (no shield)
rNeg     + + +     Faith    .   a - +0 robe
rPois    ∞         Spirit   .   (no helmet)
rElec    .         Reflect  .   (no cloak)
rCorr    .         Harm     .   (no gloves)
MR       .....                  (no boots)
Stlth    ++........             (no amulet)
HPRegen  0.08/turn              (no ring)
MPRegen  0.10/turn              (no ring)

@: about to teleport, very slightly contaminated
A: no food or potions, fire vulnerability, cold resistance 1, negative energy
resistance 3, torment resistance, unbreathing
a: Renounce Religion


You were on level 4 of the Dungeon.
You worshipped Kikubaaqudgha.
Kikubaaqudgha was noncommittal.
You were not hungry.

You visited 2 branches of the dungeon, and saw 5 of its levels.

You collected 25 gold pieces.

Inventory:

Armour
 a - a +0 robe (worn)


   Skills:
 + Level 1.0 Fighting
 * Level 2.2 Dodging
 - Level 1.5 Stealth
 + Level 3.0 Spellcasting
 * Level 4.4 Necromancy


You had 4 spell levels left.
You knew the following spells:

 Your Spells              Type           Power        Failure   Level  Hunger
a - Pain                  Necr           ###.         3%          1    N/A
d - Vampiric Draining     Necr           ###.......   10%         3    N/A

Dungeon Overview and Level Annotations

Branches:
Dungeon (4/15)             Temple (1/1) D:4

Altars:
Ashenzari
Cheibriados
Dithmenos
Elyvilon
Hepliaklqana
Kikubaaqudgha
Makhleb
Nemelex Xobeh
Ru
Sif Muna
Trog
Vehumet
Wu Jian
Xom
Yredelemnul
Zin
The Shining One

Annotations:
D:4 exclusion: hound, torrenera's ghost, novice HuFi


Innate Abilities, Weirdness & Mutations

You do not eat or drink.
Your flesh is vulnerable to fire.
You are immune to poison.
Your flesh is cold resistant. (rC+)
You are immune to negative energy. (rN+++)
You are immune to unholy pain and torment.
You can survive without breathing.


Message History

Kikubaaqudgha accepts your kill.
Found a stone staircase leading down.
A howler monkey comes into view.
A howler monkey is nearby!
The howler monkey howls!
You hear the quick rusting of a very distant drain.
Casting: Vampiric Draining (safe; 10% risk of failure)
Confirm with . or Enter, or press ? or * to list all spells.
Aiming: Vampiric Draining (safe; 10% risk of failure)
Press: ? - help, Shift-Dir - straight line, f - howler monkey
Aim: a howler monkey The howler monkey is heavily wounded.
You feel life coursing into your body.
The howler monkey hoots and howls with incredible vigour!
You hear an angry hiss.
Casting: Vampiric Draining (safe; 10% risk of failure)
Confirm with . or Enter, or press ? or * to list all spells.
You don't have enough magic to cast that spell.
The howler monkey hoots and howls with incredible vigour!
You hear an angry hiss.
The howler monkey hoots and howls with incredible vigour!
Casting: Vampiric Draining (safe; 10% risk of failure)
Confirm with . or Enter, or press ? or * to list all spells.
You don't have enough magic to cast that spell.
Casting: Vampiric Draining (safe; 10% risk of failure)
Confirm with . or Enter, or press ? or * to list all spells.
You don't have enough magic to cast that spell.
Casting: Vampiric Draining (safe; 10% risk of failure)
Confirm with . or Enter, or press ? or * to list all spells.
You don't have enough magic to cast that spell.
Casting: Vampiric Draining (safe; 10% risk of failure)
Confirm with . or Enter, or press ? or * to list all spells.
You don't have enough magic to cast that spell.
You see here a worker ant corpse.
The howler monkey hits you but does no damage.
Casting: Vampiric Draining (safe; 10% risk of failure)
Confirm with . or Enter, or press ? or * to list all spells.
Aiming: Vampiric Draining (safe; 10% risk of failure)
Press: ? - help, Shift-Dir - straight line, f/p - howler monkey
Aim: a howler monkey (heavily wounded)
You miscast Vampiric Draining.
You are very lightly contaminated with residual magic.
You sense a malignant aura.
The howler monkey closely misses you.
Unknown command.
You hit the howler monkey but do no damage.
The howler monkey is heavily wounded.
The howler monkey hits you.
You closely miss the howler monkey.
The howler monkey is heavily wounded.
The howler monkey barely misses you.
You hit the howler monkey but do no damage.
The howler monkey is heavily wounded.
The howler monkey hoots and howls with incredible vigour!
You hear a bark!
You hear a shout! x4
The howler monkey hits you but does no damage.
Torrenera's ghost hits you!
* * * LOW HITPOINT WARNING * * *
The howler monkey hits you but does no damage.
Really read
b - a scroll labeled LUPU JUWNIMAUS {!r}?
As you read the scroll labeled LUPU JUWNIMAUS {!r}, it crumbles to dust.
You feel strangely unstable.
It was a scroll of teleportation {!r}.
Torrenera's ghost hits you!
You die...
Kikubaaqudgha rasps: "You have failed me!
Welcome... oblivion!"

#.........>..#
#†######......%.
#.# #.###.##.
#.# #.# # #.#
#.# #.# #.# #.#
#.# #h# .> .#
#@# ..
######W###### .#
#..<........#
#.#
#.####.####.#
..# #.# #.#
#.###..#### #.#
#.# #.....(...#
#.# #.#
###..(.##.# #.#
#.# #.#!###.#
#..h##.# #.# #
#.#


You could see a howler monkey and torrenera's ghost.

Vanquished Creatures
  A worker ant (D:4)
  An adder (D:3)
  An ooze (D:4)
  An orc (D:3)
  A quokka (D:3)
  A frilled lizard (D:4)
  A kobold (D:3)
  A rat (D:1)
8 creatures vanquished.

Notes
Turn   | Place    | Note
-------+----------+-------------------------------------------
     0 | D:1      | Amnesiac the Mummy Necromancer began the quest for the Orb.
     0 | D:1      | Reached XP level 1. HP: 13/13 MP: 4/4
   126 | D:3      | Found a basalt altar of Yredelemnul.
   134 | D:3      | Found a shadowy altar of Dithmenos.
   137 | D:3      | Found a snail-covered altar of Cheibriados.
   143 | D:3      | Reached XP level 2. HP: 14/20 MP: 0/5
   289 | D:4      | Noticed torrenera's ghost (novice HuFi)
   300 | D:4      | Found a staircase to the Ecumenical Temple.
   309 | Temple   | Entered the Ecumenical Temple
   512 | Temple   | Became a worshipper of Kikubaaqudgha
   634 | D:4      | HP: 1/20 [worker ant (3)]
   641 | D:4      | Reached skill level 1 in Fighting
   641 | D:4      | Reached XP level 3. HP: 2/26 MP: 0/7
   646 | D:4      | Learned a level 3 spell: Vampiric Draining
   771 | D:4      | Mangled by torrenera's ghost

Vault maps used:
D:1:      doesnt_arrival_eight_statues, minmay_pentomino_t2
D:2:      nicolae_overflow_crystal_walls
D:3:      minmay_overflow_temple_star_quad
D:4:      lemuel_temple_firewalk_b, first_ration, cheibrodos_sewer_entry_sluice
Temple:   eino_narrow_crystal_temple

Skill      XL: |  1  2 |
---------------+-------+-----
Fighting       | 1 |  1.0
Dodging        | 2 |  2.2
Spellcasting   | 3 |  3.0
Stealth        | |  1.5
Necromancy     | |  4.4

Action                   || total
-------------------------++-------
Melee: Unarmed           ||    12
 Cast: Pain              ||    24
       Vampiric Draining ||     2
  Use: Scroll            ||     1
Armor: Robe              ||     8
Dodge: Dodged            ||    13

Table legend:
 A = Spawn XP
 B = Non-spawn XP
 C = Spawn XP percentage of total XP
 D = Spawn monster count
 E = Non-spawn monster count
 F = Spawn count percentage of total count
 G = Total turns spent on level
                    A         B        C        D         E        F      G
               +---------+---------+-------+---------+---------+-------+---------
         Total |       0 |      62 |   0.0 |       0 |       8 |   0.0 |   771
               +---------+---------+-------+---------+---------+-------+---------
           D:1 |       0 |       1 |   0.0 |       0 |       1 |   0.0 |    56
           D:3 |       0 |      20 |   0.0 |       0 |       4 |   0.0 |   177
           D:4 |       0 |      41 |   0.0 |       0 |       3 |   0.0 |   307
               +---------+---------+-------+---------+---------+-------+---------
